Cogmind - Beta 15 @@@ ROGUE MODE // 2025.09.16 @ 15:07:36 Player: Petvaria Result: Destroyed self via exploding Z-Power Performance ------------- Evolutions (4) 2000 Regions Visited (8) 1600 Robots Destroyed (21) 105 Value Destroyed (499) 499 Prototype IDs (5) 100 Alien Tech Used (0) 0 Bonus (478) 478 TOTAL SCORE: 4782 Bonus ------- Registered with UFD 300 Met Imprinter 300 Friendly Fire -122 Cogmind --------- Core Integrity 0/850 Matter 254/300 Energy 99/100 System Corruption 0% Temperature Cool (0) Movement Flying (35) Location -6/Deep Caves Parts ------- > --- POWER (1) -------- (None) > --- PROPULSION (5) --- Cesium-ion Thruster > --- UTILITY (7) ------ Improved Signal Interpreter Hacking Suite Makeshift Hacking Suite > --- WEAPON (2) ------- Scythe > --- INVENTORY (5) ---- Makeshift Hacking Suite Plasma Cutter CPS Tube (1) Peak State ------------ > --- POWER ------------ Light Nuclear Core > --- PROPULSION ------- VTOL Module VTOL Module VTOL Module VTOL Module VTOL Module > --- UTILITY ---------- Medium Storage Unit Improved Sensor Array Improved Signal Interpreter Enhanced Scrap Shield Hacking Suite Makeshift Hacking Suite > --- WEAPON ----------- Gauss Rifle CPS Tube > --- INVENTORY -------- Light Nuclear Core VTOL Module VTOL Module VTOL Module Cesium-ion Thruster Light Assault Rifle Plasma Cutter Flamer Scythe [Rating: 48] Favorites ----------- Power Ion Engine Engine Ion Engine Power Core Light Nuclear Core Propulsion Light Treads Treads Light Treads Wheel Compact Wheel Flight Unit VTOL Module Utility Large Storage Unit Device Tractor Beam Storage Large Storage Unit Processor Improved Signal Interpreter Hackware Hacking Suite Protection Medium Armor Plating Weapon Light Assault Rifle Energy Gun Medium Laser Ballistic Gun Light Assault Rifle Special Weapon Plasma Cutter Slashing Weapon Scythe Special Melee Weapon Improved Datajack Build | -11 -10 -10 -9 -6 -6 -6 -6 -6 ------- Run | Yrd Mat Sub Scr Fac Low Low Zio Dee Slots Evolved 8 | . . . . 8 . . . . Power . | . . . . . . . . . Propulsion 3 | . . . . 3 . . . . Utility 5 | . . . . 5 . . . . Weapon . | . . . . . . . . . Parts Attached 45 | 7 2 1 8 12 1 . 2 12 Power 5 | 1 1 . . 2 . . . 1 Engine 2 | 1 1 . . . . . . . Core 3 | . . . . 2 . . . 1 Reactor . | . . . . . . . . . Propulsion 18 | 2 . . 4 6 . . . 6 Treads 4 | 2 . . 1 1 . . . . Leg . | . . . . . . . . . Wheel 2 | . . . 1 1 . . . . Hover . | . . . . . . . . . Flight 12 | . . . 2 4 . . . 6 Utility 11 | 2 1 . 1 3 1 . 1 2 Device 2 | 1 . . . 1 . . . . Storage 3 | 1 1 . . 1 . . . . Processor 1 | . . . . 1 . . . . Hackware 2 | . . . . . 1 . 1 . Protection 3 | . . . 1 . . . . 2 Artifact . | . . . . . . . . . Weapon 11 | 2 . 1 3 1 . . 1 3 Energy Gun 2 | . . 1 . . . . . 1 Energy Cannon . | . . . . . . . . . Ballistic Gun 4 | 2 . . 1 . . . 1 . Ballistic Cannon . | . . . . . . . . . Launcher . | . . . . . . . . . Special Weapon 3 | . . . 1 . . . . 2 Impact Weapon . | . . . . . . . . . Slashing Weapon 1 | . . . . 1 . . . . Piercing Weapon . | . . . . . . . . . Special Melee Weapon 1 | . . . 1 . . . . . Unidentified Prototypes 3 | . . . . . . . . 3 Parts Lost 24 | . . 1 . 3 . . . 20 Power 3 | . . . . 1 . . . 2 Propulsion 11 | . . . . 1 . . . 10 Utility 5 | . . . . 1 . . . 4 Weapon 5 | . . 1 . . . . . 4 Highest Loss Streak 18 | . . 1 . 3 . . . 18 To Critical Strikes . | . . . . . . . . . Average Backups 11 | 3 8 10 13 11 9 9 9 7 Power 1 | . 1 1 1 1 2 1 1 . Propulsion 4 | 2 4 4 5 4 2 2 3 2 Utility 1 | . . 1 1 . . 1 1 . Weapon 2 | . 2 4 3 1 1 . . 1 Tool/Special . | . . . . . . . . . Unused Backups 8 | . 1 . 1 2 1 2 . 1 Power 1 | . . . . . . 1 . . Propulsion 3 | . 1 . . 1 1 . . . Utility 1 | . . . . . . . . 1 Weapon 3 | . . . 1 1 . 1 . . Tool/Special . | . . . . . . . . . Average Slot Usage (%) 92 | . 100 100 100 60 75 80 84 74 Engine 10 | . 14 14 14 . . . . . Core 1 | . . . . 5 6 6 6 4 Treads 16 | . 28 28 17 8 . . . . Wheel 5 | . . . 10 1 . . . . Flight 7 | . . . . 19 33 33 33 27 Device 7 | . 14 14 6 1 6 6 6 4 Storage 11 | . 14 14 14 6 6 6 6 6 Processor 1 | . . . . 1 6 6 6 6 Hackware 1 | . . . . . 1 6 11 13 Protection 3 | . . . 7 1 . . . . Energy Gun 7 | . . 6 13 5 . . . . Ballistic Gun 14 | . 28 21 13 5 6 6 4 4 Peak Build Rating 48 | 7 8 8 13 25 29 30 37 48 Average Rating 13 | 5 7 7 9 17 26 29 33 30 On Entrance 16 | . 7 8 8 11 25 29 30 34 Naked Turns . | . . . . . . . . . Heaviest Build 36 | 12 29 29 35 35 19 19 22 36 Greatest Support 63 | 40 40 40 43 63 20 20 20 20 Greatest Overweight (x) 4 | . . . 4 2 . . 1 3 Average Overweight (x) . | . . . 1 . . . . . Largest Inventory Capacity 15 | 8 15 15 15 15 10 10 10 10 Average Capacity 13 | 7 11 15 15 12 10 10 10 10 Most Carried 15 | 7 11 12 15 15 10 10 10 10 Average Carried 11 | 3 8 11 14 10 9 9 9 8 Final Capacity 15 | 8 15 15 15 10 10 10 10 5 Final Carried 15 | 7 11 12 15 9 10 10 10 3 Class Distribution -------------------- 78% | Mutant 19% | Scavenger-Sprinter Dominant Class ---------------- Mutant | -10/Materials Mutant | -10/Subcaves Mutant | -9/Scraptown Scavenger-Sprinter | -6/Factory Scavenger-Sprinter | -6/Lower Caves Scavenger-Sprinter | -6/Lower Caves Scavenger-Sprinter | -6/Zion Scavenger-Sprinter | -6/Deep Caves Resources | -11 -10 -10 -9 -6 -6 -6 -6 -6 ----------- Run | Yrd Mat Sub Scr Fac Low Low Zio Dee Matter Collected 877 | 286 152 23 86 204 31 . 30 65 Remotely 253 | 68 152 23 10 . . . . . Salvage Created 728 | 87 376 53 . 154 . . . 58 Parts 44 | 2 20 6 . 12 . . . 4 Haulers Intercepted . | . . . . . . . . . Recyclers Shooed . | . . . . . . . . . Parts Field Recycled . | . . . . . . . . . Retrieved Matter . | . . . . . . . . . Parts Self-Destructed 17 | . . 14 . . . 3 . . Prevented . | . . . . . . . . . Kills | -11 -10 -10 -9 -6 -6 -6 -6 -6 ------- Run | Yrd Mat Sub Scr Fac Low Low Zio Dee Combat Hostiles Destroyed 16 | . 8 4 . 4 . . . . Guns 16 | . 8 4 . 4 . . . . Classes Destroyed 5 | 1 2 1 . . . . . 1 Recycler 1 | 1 . . . . . . . . Operator 3 | . 1 . . 2 . . . . Swarmer 8 | . . 4 . 4 . . . . Grunt 8 | . 8 . . . . . . . Fireman 1 | . . . . . . . . 1 Best Kill Streak 4 | 1 3 4 . 4 . . . . Combat Bots Only 4 | . 3 4 . 4 . . . . Max Kills in Single Turn 2 | 1 2 2 . 1 . . . 1 Gunslinging 1 | . 1 1 . . . . . . Exploded . | . . . . . . . . . Melee . | . . . . . . . . . Uniques/NPCs Destroyed . | . . . . . . . . . Combat | -11 -10 -10 -9 -6 -6 -6 -6 -6 -------- Run | Yrd Mat Sub Scr Fac Low Low Zio Dee Hostile Shots Fired 215 | . 39 20 . 69 . 1 . 86 Missed 68 | . 12 4 . 19 . 1 . 32 Hits 147 | . 27 16 . 50 . . . 54 Projectile 147 | . 27 16 . 50 . . . 54 Damage Taken 3195 | . 322 131 . 714 . . . 2028 Core 950 | . 83 8 . 87 . . . 772 Absorbed by Shields . | . . . . . . . . . Regen/Repaired (Parts) 94 | . . . 94 . . . . . Core Remaining (%) 81 | 100 . . 63 . . . . . Volleys Fired 90 | 4 33 4 . 36 . . . 13 Largest 2 | 2 2 2 . 2 . . . 2 Hottest 70 | 40 40 70 . 70 . . . 60 Shots Fired 168 | 8 66 8 . 72 . . . 14 Gun 167 | 8 66 8 . 72 . . . 13 Cannon . | . . . . . . . . . Launcher . | . . . . . . . . . Special 1 | . . . . . . . . 1 Kinetic 128 | 8 66 7 . 36 . . . 11 Thermal 39 | . . 1 . 36 . . . 2 Explosive . | . . . . . . . . . Electromagnetic . | . . . . . . . . . Robot Hit Streak 12 | 4 12 6 . 8 . . . 5 Robot Miss Streak 4 | 1 2 2 . 2 . . . 4 Penetration Max . | . . . . . . . . . Secondary Targets 4 | . 1 1 . 2 . . . . Max Gunslinging Chain 1 | . 1 1 . 1 . . . . Shots Hit Robots 120 | 6 53 6 . 50 . . . 5 Core Hits 42 | 2 18 4 . 17 . . . 1 Critical Kills . | . . . . . . . . . Critical Parts Destroyed 1 | . 1 . . . . . . . Critical Strikes 4 | . 1 . . 3 . . . . Burn 3 | . . . . 3 . . . . Destroy 1 | . 1 . . . . . . . Melee Attacks 3 | . . . . . . . . 3 Impact . | . . . . . . . . . Slashing 3 | . . . . . . . . 3 Piercing . | . . . . . . . . . Sneak Attacks . | . . . . . . . . . Combat Hostiles . | . . . . . . . . . Follow-up Attacks . | . . . . . . . . . Damage Inflicted 1303 | 57 537 79 . 507 . . . 123 Guns 1303 | 57 537 79 . 507 . . . 123 Cannons . | . . . . . . . . . Explosions . | . . . . . . . . . Melee . | . . . . . . . . . Ramming . | . . . . . . . . . Kinetic 976 | 57 537 67 . 220 . . . 95 Thermal 327 | . . 12 . 287 . . . 28 Explosive . | . . . . . . . . . Electromagnetic . | . . . . . . . . . Impact . | . . . . . . . . . Slashing . | . . . . . . . . . Piercing . | . . . . . . . . . Highest Corruption . | . . . . . . . . . Average Corruption . | . . . . . . . . . Corruption Purged . | . . . . . . . . . Corruption Blocked . | . . . . . . . . . Overload Shots . | . . . . . . . . . Overflow Damage 36 | . . . . . . . . 36 Projectiles . | . . . . . . . . . Explosions 36 | . . . . . . . . 36 Melee . | . . . . . . . . . Knockbacks . | . . . . . . . . . Impact . | . . . . . . . . . Kinetic . | . . . . . . . . . Secondary . | . . . . . . . . . Self-Inflicted Damage 490 | . . . . . . . . 490 Shots 1 | . . . . . . . . 1 Rammed . | . . . . . . . . . Targets Rammed . | . . . . . . . . . Kicked . | . . . . . . . . . Crushed . | . . . . . . . . . Highest Temperature 40 | . 12 . . 40 . . . 25 Average Temperature 14 | . 7 . . 18 . . . 10 Received Heat Transfer 690 | . 177 12 . 15 . . . 486 Siege Activations . | . . . . . . . . . Martial Activations . | . . . . . . . . . Shielding Activations . | . . . . . . . . . Robots Disrupted . | . . . . . . . . . Combat Hostiles . | . . . . . . . . . Robots Corrupted . | . . . . . . . . . Combat Hostiles . | . . . . . . . . . Parts Fried . | . . . . . . . . . Impact Corruptions . | . . . . . . . . . Robots Melted . | . . . . . . . . . Combat Hostiles . | . . . . . . . . . Parts Melted 1 | . . . . 1 . . . . Heat Transferred 1119 | . . 37 . 1073 . . . 9 Parts Sabotaged . | . . . . . . . . . Parts Stolen . | . . . . . . . . . Parts Stripped . | . . . . . . . . . Power Chain Reactions . | . . . . . . . . . Alert | -11 -10 -10 -9 -6 -6 -6 -6 -6 ------- Run | Yrd Mat Sub Scr Fac Low Low Zio Dee Maximum Alert Level . | . . . . . . . . . Low Security (%) 100 | 100 100 . . 100 . . . . Level 1 . | . . . . . . . . . Level 2 . | . . . . . . . . . Level 3 . | . . . . . . . . . Level 4 . | . . . . . . . . . Level 5 . | . . . . . . . . . High Security . | . . . . . . . . . Max Security . | . . . . . . . . . Peak Influence 96 | 5 96 . . 89 . . . . Initial . | . . . . . . . . . Average 20 | . 21 . . 22 . . . . Influence Increases 693 | 5 221 110 . 297 . 60 . . Destroy 0b10 Robot/C 320 | . 160 80 . 80 . . . . Destroy 0b10 Robot/NC 15 | 5 5 . . 5 . . . . Destroy Leader 50 | . 40 . . 10 . . . . Successful Hack 68 | . 16 . . 52 . . . . Disable Machine 30 | . . . . 30 . . . . Partial Spotted 60 | . . . . 60 . . . . Lose Combat Pursuer 150 | . . 30 . 60 . 60 . . Influence Decreases 693 | 5 221 110 . 224 58 25 50 . Entered New Map 82 | . . . . . 28 4 50 . Time Decay 571 | 5 221 100 . 194 30 21 . . Lost Part 40 | . . 10 . 30 . . . . Squads Dispatched 6 | . 3 . . 3 . . . . Investigation 2 | . 2 . . . . . . . Extermination 1 | . . . . 1 . . . . Reinforcement 3 | . 1 . . 2 . . . . Assault . | . . . . . . . . . Garrison . | . . . . . . . . . Intercept . | . . . . . . . . . Searches Triggered . | . . . . . . . . . Construction Impeded . | . . . . . . . . . Haulers Reinforced . | . . . . . . . . . Active Scanning Responses . | . . . . . . . . . Cargo Convoy Interrupts . | . . . . . . . . . Stealth | -11 -10 -10 -9 -6 -6 -6 -6 -6 --------- Run | Yrd Mat Sub Scr Fac Low Low Zio Dee Distress Signals 1 | . . . . 1 . . . . Communications Jammed . | . . . . . . . . . Distress Signals . | . . . . . . . . . Times Spotted 40 | . 10 5 . 17 . 2 . 6 Peak Tracking Total 5 | . 3 4 . 4 . 4 . 5 Tactical Retreats 4 | . . 1 . 2 . 1 . . Traps | -11 -10 -10 -9 -6 -6 -6 -6 -6 ------- Run | Yrd Mat Sub Scr Fac Low Low Zio Dee Traps Triggered 3 | . 2 . . 1 . . . . Indirectly . | . . . . . . . . . Trap Hack Attempts . | . . . . . . . . . Triggered . | . . . . . . . . . Disarmed . | . . . . . . . . . Reprogrammed . | . . . . . . . . . Reused . | . . . . . . . . . Traps Extracted . | . . . . . . . . . Installed . | . . . . . . . . . Triggered . | . . . . . . . . . Machines | -11 -10 -10 -9 -6 -6 -6 -6 -6 ---------- Run | Yrd Mat Sub Scr Fac Low Low Zio Dee Machines Disabled 6 | . . . . 2 . . 3 1 Max in Single Turn 1 | . . . . 1 . . 1 1 Garrison Access 2 | . . . . 2 . . . . Machines Repaired . | . . . . . . . . . Machines Dismantled 5 | . . . . 2 . . 3 . Machines Sabotaged . | . . . . . . . . . Overloaded Fab Kills . | . . . . . . . . . Hacking | -11 -10 -10 -9 -6 -6 -6 -6 -6 --------- Run | Yrd Mat Sub Scr Fac Low Low Zio Dee Machines Accessed 17 | . 1 1 2 9 1 2 1 . Terminals 7 | . 1 . . 6 . . . . Fabricators 1 | . . . . 1 . . . . Repair Stations . | . . . . . . . . . Recycling Units . | . . . . . . . . . Scanalyzers . | . . . . . . . . . Garrison Access 2 | . . . . 2 . . . . Total Hacks 47 | . 2 4 11 14 1 8 7 . Successful 38 | . 1 4 11 6 1 8 7 . Failed 9 | . 1 . . 8 . . . . Catastrophic 4 | . . . . 4 . . . . Database Lockouts . | . . . . . . . . . Manual 10 | . 2 . . 8 . . . . Terminals 12 | . 2 . . 10 . . . . Fabricators 1 | . . . . 1 . . . . Repair Stations . | . . . . . . . . . Recycling Units . | . . . . . . . . . Scanalyzers . | . . . . . . . . . Garrison Access 3 | . . . . 3 . . . . Terminal Hacks 31 | . . 4 11 . 1 8 7 . Record 14 | . . 4 3 . . 7 . . Part Schematic 7 | . . . . . . . 7 . Robot Analysis 8 | . . . 8 . . . . . Open Door 2 | . . . . . 1 1 . . Fabricator Hacks . | . . . . . . . . . Repair Station Hacks . | . . . . . . . . . Recycling Unit Hacks . | . . . . . . . . . Scanalyzer . | . . . . . . . . . Garrison Access Hacks 2 | . . . . 2 . . . . Seal Access 2 | . . . . 2 . . . . Unauthorized Hacks 5 | . 1 . . 4 . . . . Terminals 5 | . 1 . . 4 . . . . Assimilate 1 | . . . . 1 . . . . Botnet 3 | . . . . 3 . . . . Operators 1 | . 1 . . . . . . . Fabricators . | . . . . . . . . . Repair Stations . | . . . . . . . . . Recycling Units . | . . . . . . . . . Scanalyzers . | . . . . . . . . . Garrison Access . | . . . . . . . . . Data Cores Recovered . | . . . . . . . . . Used . | . . . . . . . . . Hacking Detections 6 | . . . . 6 . . . . Full Trace Events . | . . . . . . . . . Feedback Events . | . . . . . . . . . Feedback Blocked . | . . . . . . . . . Robot Schematics Acquired . | . . . . . . . . . Robots Built . | . . . . . . . . . Authchips . | . . . . . . . . . Time . | . . . . . . . . . Total Robot Build Rating . | . . . . . . . . . Part Schematics Acquired 7 | . . . . . . . 7 . Parts Built . | . . . . . . . . . Authchips . | . . . . . . . . . Time . | . . . . . . . . . Total Part Build Rating . | . . . . . . . . . Parts Repaired . | . . . . . . . . . Time . | . . . . . . . . . Parts Recycled . | . . . . . . . . . Recycled Matter . | . . . . . . . . . Retrieved Matter . | . . . . . . . . . Retrieved Components . | . . . . . . . . . Parts Scanalyzed . | . . . . . . . . . Part Schematics Acquired . | . . . . . . . . . Parts Damaged . | . . . . . . . . . Bothacking | -11 -10 -10 -9 -6 -6 -6 -6 -6 ------------ Run | Yrd Mat Sub Scr Fac Low Low Zio Dee Used RIF Installer . | . . . . . . . . . Robots Hacked . | . . . . . . . . . Non-combat . | . . . . . . . . . Combat . | . . . . . . . . . Robot Hacks Applied . | . . . . . . . . . Relay Couplers Released . | . . . . . . . . . Fabnet Peak Effective % . | . . . . . . . . . Robots Rewired . | . . . . . . . . . Allies Hacked . | . . . . . . . . . Hacks Repelled . | . . . . . . . . . Allies | -11 -10 -10 -9 -6 -6 -6 -6 -6 -------- Run | Yrd Mat Sub Scr Fac Low Low Zio Dee Total Allies 6 | . . . . 1 . . 5 . Largest Group 5 | . . . . 1 . . 5 5 Highest-Rated Group 95 | . . . . 26 . . 95 95 Highest-Rated Ally 28 | . . . . 26 . . 28 28 Total Orders . | . . . . . . . . . Ally Attacks 57 | . . . . . . . . 57 Total Damage 589 | . . . . . . . . 589 Kills 5 | . . . . . . . . 5 Allies Corrupted . | . . . . . . . . . Allies Melted . | . . . . . . . . . Intel | -11 -10 -10 -9 -6 -6 -6 -6 -6 ------- Run | Yrd Mat Sub Scr Fac Low Low Zio Dee Active Infowar (turns) 836 | . . . . 150 64 94 332 196 Sensors 836 | . . . . 150 64 94 332 196 Robot Analysis Total 8 | . . . 8 . . . . . Derelict Logs Recovered 5 | . . . 1 . 1 1 2 . Drone Launches . | . . . . . . . . . Drone Recoveries . | . . . . . . . . . Exploration | -11 -10 -10 -9 -6 -6 -6 -6 -6 ------------- Run | Yrd Mat Sub Scr Fac Low Low Zio Dee Turns Passed 5072 | 112 860 381 2422 538 64 94 332 269 Spaces Moved 5041 | 61 404 138 1863 868 258 347 876 226 Core 15 | 15 . . . . . . . . Treads 977 | 46 404 138 345 44 . . . . Legs . | . . . . . . . . . Wheels 1569 | . . . 1514 55 . . . . Hover . | . . . . . . . . . Flight 2480 | . . . 4 769 258 347 876 226 Fastest Speed 23 | 50 160 160 115 23 23 23 23 23 Average Speed 80 | 132 160 160 128 36 23 23 23 29 Slowest Speed 354 | 160 160 160 354 160 23 23 103 275 Overloaded Moves . | . . . . . . . . . Propulsion Burnouts . | . . . . . . . . . Robots Hopped 20 | . . . . 19 . . . 1 Potential Cave-ins . | . . . . . . . . . Cave-ins Triggered . | . . . . . . . . . Exploration Rate (%) 44 | 5 60 9 94 27 48 40 85 29 Regions Visited 8 Branch Regions 6 Pre-discovered Areas 3 | . . 1 . . . 1 1 . Known Exits Taken 4 | . . . . 1 1 1 1 . Unknown Exits Taken 4 | 1 1 1 1 . . . . . Scrap Searched 16 | . . . 6 . 3 2 5 . Spaces Dug . | . . . . . . . . . Terrain Destroyed 1 | . . . . . . . . 1 Melee . | . . . . . . . . . Projectile 1 | . . . . . . . . 1 AOE . | . . . . . . . . . Terrain Rammed . | . . . . . . . . . Walls Destroyed . | . . . . . . . . . Machines Disabled . | . . . . . . . . . Actions | -11 -10 -10 -9 -6 -6 -6 -6 -6 --------- Run | Yrd Mat Sub Scr Fac Low Low Zio Dee Total 5788 | 85 559 291 1887 985 261 361 950 409 Wait 489 | . 112 148 . 37 1 11 36 144 Move 4995 | 60 403 137 1862 831 257 346 875 224 Hop 18 | . . . . 17 . . . 1 Pick Up 50 | 14 6 1 9 8 1 2 2 7 Fast Attach 7 | . . . 1 3 1 . 2 . Attach 35 | 7 . 1 2 12 . . . 13 Detach 3 | . . . . 1 . . 1 1 Swap 18 | . 2 . 8 3 . . 3 2 Drop 26 | . 3 . 5 10 1 2 4 1 Fire 90 | 4 33 4 . 36 . . . 13 Melee 3 | . . . . . . . . 3 Ram . | . . . . . . . . . Kick . | . . . . . . . . . Crush . | . . . . . . . . . Escape Stasis 18 | . . . . 18 . . . . Rewire . | . . . . . . . . . Trap . | . . . . . . . . . Miscellaneous 36 | . . . . 9 . . 27 . Route ------- -11/Scrapyard -10/Materials (discovered 4 exits: [*Mat] / [*Min x2] / *Sub) -10/Subcaves -9/Scraptown (discovered 2 exits: *Fac x2) -6/Factory -6/Lower Caves -6/Lower Caves -6/Zion (discovered 2 exits: *Dee / [*Pro]) -6/Deep Caves History --------- Turn | Location | Event 10 | -11/Scrapyard | Discovered new exit (range 16) 113 | -11/Scrapyard | Entered Materials 304 | -10/Materials | Build established: Mutant 467 | -10/Materials | Discovered new exit (range 10) 564 | -10/Materials | Discovered new exit (range 11) 785 | -10/Materials | Discovered new exit (range 3) 959 | -10/Materials | Discovered new exit (range 9) 973 | -10/Materials | Entered Subcaves 974 | -10/Subcaves | Approached by a straggling Scientist 1058 | -10/Subcaves | Shifting Twisted Machinery released Scrap Shield 1230 | -10/Subcaves | Visited Clippyterm 1234 | -10/Subcaves | Learned location of Deep Caves (-6) 1341 | -10/Subcaves | Scientist uncovered a shortcut to Scraptown 1354 | -10/Subcaves | Entered Scraptown 1663 | -9/Scraptown | Discovered new exit (range 7) 1731 | -9/Scraptown | Scanned Subdweller tech in exchange for log data 1735 | -9/Scraptown | Learned Factory stockpile data 1766 | -9/Scraptown | Visited Red Mages 1800 | -9/Scraptown | Visited Cyclists 2124 | -9/Scraptown | Visited Comm Corps 2173 | -9/Scraptown | Visited Cave Peace 2188 | -9/Scraptown | Visited CR-KLE's Repair Center 2251 | -9/Scraptown | Visited Awakened 2268 | -9/Scraptown | Visited Junk Repository 2301 | -9/Scraptown | Visited UFD Registry 2301 | -9/Scraptown | Registered with UFD as "Mattersink" 2346 | -9/Scraptown | Entered Cyclist Reading Room 2413 | -9/Scraptown | Visited DA-N13 Charitable Foundation 2424 | -9/Scraptown | Found DCF Scrap (31 items) 2455 | -9/Scraptown | Visited Curators Association 2508 | -9/Scraptown | Visited Scrapoid Research Area 2550 | -9/Scraptown | Delivered Scrap Shield to a Scientist 2665 | -9/Scraptown | Visited Science Testing Area 2685 | -9/Scraptown | Visited Scrap Suit Storage 2746 | -9/Scraptown | Visited Abandonware Association 2760 | -9/Scraptown | Learned abandonware demo "REVENGE.EXE" 2784 | -9/Scraptown | Visited Junk Repository 2919 | -9/Scraptown | Visited Analyses Database 2950 | -9/Scraptown | Visited Chapter 10 2975 | -9/Scraptown | Visited Derelict Rescue Squad 3224 | -9/Scraptown | CR-KLE repaired 6 parts 3768 | -9/Scraptown | Discovered new exit (range 5) 3776 | -9/Scraptown | Entered Factory 3776 | -6/Factory | Evolved 8 slots: Propulsion x3, Utility x5 3965 | -6/Factory | Lost 3 parts (1p1n1u) 4020 | -6/Factory | Spotted B-75 Beast 4283 | -6/Factory | Build established: Scavenger-Sprinter 4304 | -6/Factory | Discovered new exit (range 8) 4314 | -6/Factory | Identified exit to Lower Caves 4314 | -6/Factory | Entered Lower Caves 4315 | -6/Lower Caves | Encountered a Warlord checkpoint 4316 | -6/Lower Caves | UFD Scientist delivered a prototype 4317 | -6/Lower Caves | Found Prototype Protection 4355 | -6/Lower Caves | Found DCF Scrap (15 items) 4359 | -6/Lower Caves | Identified exit to Lower Caves 4378 | -6/Lower Caves | Entered another Lower Caves area 4383 | -6/Lower Caves | Learned location of Extension (-6) 4403 | -6/Lower Caves | Entered an active Warlord outpost 4406 | -6/Lower Caves | Learned Armory emergency access door positions 4406 | -6/Lower Caves | Learned Factory security intel 4406 | -6/Lower Caves | Learned Armory security intel 4406 | -6/Lower Caves | Learned Factory terminal intel 4406 | -6/Lower Caves | Learned Research terminal intel 4413 | -6/Lower Caves | Found DCF Scrap (12 items) 4469 | -6/Lower Caves | Discovered new exit (range 9) 4471 | -6/Lower Caves | Identified exit to Zion 4472 | -6/Lower Caves | Entered Zion 4486 | -6/Zion | Discovered new exit (range 15) 4519 | -6/Zion | Gained Derelict followers 4555 | -6/Zion | Learned location of Quarantine (-2) 4627 | -6/Zion | Received a hallucinogenic algorithm 4650 | -6/Zion | Found GAL Module 4664 | -6/Zion | Turned away by Imprinter 4800 | -6/Zion | Discovered new exit (range 3) 4800 | -6/Zion | Saw the warning signs outside the Deep Caves entrance 4802 | -6/Zion | Identified exit to Deep Caves 4804 | -6/Zion | Entered Deep Caves 4804 | -6/Deep Caves | Accompanied by 5 allies 4964 | -6/Deep Caves | Identified Enh. Scrap Shield 4968 | -6/Deep Caves | Attacked by Z-Imprinter 5033 | -6/Deep Caves | Core integrity fell below 50% 5036 | -6/Deep Caves | Lost 4 allies 5062 | -6/Deep Caves | Lost 18 parts (2p9n3u4w) 5073 | -6/Deep Caves | Destroyed self via exploding Z-Power Last Messages --------------- VTOL Module destroyed. Acquired Prototype Energy Gun. Lgt. Nuclear Core destroyed. Acquired Prototype Protection. VTOL Module destroyed. Cesium-ion Thruster destroyed. Identified Zio. Light Carapace. Identified Zio. Laser-S. Zio. Light Carapace destroyed. VTOL Module destroyed. Acquired 29 matter. Zio. Laser-S destroyed. Acquired Cesium-ion Thruster. VTOL Module destroyed. Acquired 16 matter. Acquired Mak. Hacking Suite. Cesium-ion Thruster destroyed. Z-Power explodes. Med. Storage Unit destroyed. Destroyed Med. Storage Unit. Map ----- +----------------------------------------------------+ | ???????????????????????????????????##?### ##?????# | | ????????????????????????????????? ## # #???### | | ??????????????????????????????? ##### | | ????????????????????????????? | | ????????????????????????????? | | ???????????????????????????? | | ????????????????????????????? | | ?????????????????????????????"" | | ?????????????????????????????"" | | ???????????????????????????"""" | | ???????????????????????????"""" | | ???????????????????????????" | | ????????????????????????????""" | | ???????????????????????"""""""" | | ???????????????????????"""""""" | | ???????????????????????"""""""" | | ???????????????????????""" " " | | ???????????????????????""""o % | | ??????????????????????"""" | | ????????????????????"""""""o | | ????????????????????""""""" | | ???????????????????"""""""""" | | ???????????????????"""""""""""" = | | ???????????????????""""" I z/ | | ??????????????????"""""" | | ??????????????????"""""" @ | | ??????????????????"""""" | | ????????????????? """"" | | ????????????????? """" | | ????????????????? """" | | ????????????????? """" | | ?????????????????? """" | | ??????????????????? """""""""""o | | ??????????????????? """"""""" | | ??????????????????? ?? | | ??????????????????? ?????? | | ?????????????????? ???????????? | | ?????????????????? ????????????? | | ??????????????????? ?????????????? | | ???????????????????? ? ?????????????? | | ????????????????????? ?????????????????? | | ??????????????????????? ???????????????????? | | ????????????????????????? ?????????????????????? | | ?????????????????????????????????????????????????? | | ?????????????????????????????????????????????????? | | ?????????????????????????????????????????????????? | | | | | | | | | +----------------------------------------------------+ Best States ------------- Heat Dissipation 37 Energy Generation 14 Energy Capacity 250 Matter Stores 300 Matter Capacity 300 Sight Range 16 Robot Scan Range 15 Terrain Scan Density 10 Armor Coverage 800 Evasion (%) 65 Recoil Reduction 3 Offensive Hacking 21 Item Schematics ----------------- Battle Cannon | -6/Zion | Free Flamer | -6/Zion | Free Beamcaster | -6/Zion | Free Barrage Gun | -6/Zion | Free Ripper | -6/Zion | Free Bore Cannon | -6/Zion | Free Slug Cannon | -6/Zion | Free Robot Schematics ------------------ None Fabricated ------------ Nothing Repaired ---------- Nothing Alien Tech Used ----------------- None Achievements -------------- None Challenges ------------ None Game ------ Seed ShockColdDriver Manual? 0 Play Time 00:43:58 Cumulative 219.9 hours Start 2025.09.16 @ 14:24:09 End 2025.09.16 @ 15:07:36 Sessions 1 Manual Loads 0 Difficulty Rogue Special Mode None Game No. 195 Rogue 195 Adventurer 0 Explorer 0 Win Type - Total 12 Types 6/0/2/2/1/0/0/0/0/1 Lore% 93 Gallery% 85 Achievement% 71 Wizard Run 0 Options --------- Layout 1 ASCII 0 Keyboard 0 Movement Numpad Keybinds 0 Fullscreen 1 Font 24/Proggy Map View 50x35 Zoom Use 0% Tactical HUD 0 Map Filters NONE Filters NONE Steam 1 RUN: 6b5d80da-a24c-4666-a801-777adb766366